 Dungeon Crawl Stone Soup version 0.30-a0-557-ge2afbf3030 (webtiles) character file.

Game seed: 5726146390002066181

15584 Pooter the Cleaver (level 12, -8/162 HPs)
             Began as a Minotaur Berserker on Dec 27, 2022.
             Was an Elder of Trog.
             Mangled by an orc warlord
             ... wielding a +3 great mace of protection
              (15 damage)
             ... on level 1 of the Orcish Mines.
             The game lasted 01:07:24 (9288 turns).

Pooter the Cleaver (Minotaur Berserker)             Turns: 9288, Time: 01:07:25

Health: -8/162     AC: 18    Str: 25    XL:     12   Next: 2%
Magic:  11/11      EV:  9    Int: 12    God:    Trog [****..]
Gold:   1036       SH:  0    Dex: 12    Spells: 11/11 levels left

rFire   . . .      SeeInvis +    n - +4 flail of Demonkind {heavy, rPois}
rCold   . . .      Faith    .    (no shield)
rNeg    + . .      Spirit   .    c - +1 chain mail {Will+}
rPois   +          Reflect  .    G - +0 hat {SInv}
rElec   .          Harm     .    j - +0 cloak
rCorr   .          Rampage  .    o - +0 pair of gloves
Will    +++..                    B - +1 pair of boots of the Black Skies {*Slow Int+8 SInv} Stlth
                                 (no amulet)
HPRegen 1.47/turn                k - +4 ring of protection
MPRegen 0.12/turn                N - ring of positive energy

@: berserking, strong-willed, regenerating, slowed
A: horns 2, retaliatory headbutt
a: Renounce Religion, Berserk, Trog's Hand, Brothers in Arms


You were on level 1 of the Orcish Mines.
You worshipped Trog.
Trog was greatly pleased with you.
You visited 2 branches of the dungeon, and saw 12 of its levels.

You collected 1036 gold pieces.

Inventory:

Hand Weapons
 a - a +1 war axe
   (You found it on level 3 of the Dungeon)
 b - a +1 arbalest
   (You found it on level 7 of the Dungeon)
 n - the +4 flail of Demonkind (weapon) {heavy, rPois}
   (You found it on level 4 of the Dungeon)

   It deals dramatically more damage, but attacks with it are much slower.
   rPois:     It protects you from poison.
 v - a +6 spear of freezing
   (You took it off a gnoll sergeant on level 9 of the Dungeon)
 y - the +5 rapier "Biukuis" {speed, Dex+3}
   (You found it on level 4 of the Dungeon)

   Attacks with this weapon are significantly faster.
   Dex:       It affects your dexterity (+3).
 A - the +9 hammer of Nien Olo {drain, rElec rC++ MP+9 Str-5}
   (You found it on level 4 of the Dungeon)

   A truly terrible weapon, it drains the life of any living foe it strikes.
   Str:       It affects your strength (-5).
   rC:        It greatly protects you from cold.
   rElec:     It insulates you from electricity.
   MP:        It affects your magic capacity (+9).
Missiles
 p - 3 poisoned darts
 q - 13 boomerangs (quivered)
 E - a throwing net {!f}
 J - an atropa-tipped dart
 L - 3 javelins
 M - 3 curare-tipped darts
 Q - 95 stones
Armour
 c - a +1 chain mail of willpower (worn)
   (You took it off an orc priest on level 6 of the Dungeon)
 g - a +0 kite shield
   (You found it on level 1 of the Dungeon)
 j - a +0 cloak (worn)
   (You took it off Crazy Yiuf on level 4 of the Dungeon)
 o - a +0 pair of gloves (worn)
   (You found it on level 3 of the Dungeon)
 B - the +1 pair of boots of the Black Skies (worn) {*Slow Int+8 SInv}
   (You found it on level 5 of the Dungeon)

   Int:       It affects your intelligence (+8).
   SInv:      It lets you see invisible.
   *Slow:     It may slow you when you take damage.
 D - a +0 pair of boots
   (You found it on level 8 of the Dungeon)
 G - a +0 hat of see invisible (worn)
   (You took it off Gastronok on level 8 of the Dungeon)
Jewellery
 k - a +4 ring of protection (left hand)
   (You found it on level 2 of the Dungeon)
 C - a ring of resist corrosion
   (You took it off an orc on level 6 of the Dungeon)
 H - a ring of flight
   (You found it on level 8 of the Dungeon)
 N - a ring of positive energy (right hand)
   (You found it on level 2 of the Dungeon)
 P - a ring of fire
   (You found it on level 9 of the Dungeon)
Wands
 d - a wand of iceblast (8)
   (You found it on level 4 of the Dungeon)
 f - a wand of flame (20)
   (You took it off Dowan on level 7 of the Dungeon)
 u - a wand of paralysis (27)
   (You took it off an orc on level 4 of the Dungeon)
Scrolls
 e - 4 scrolls of poison {!r}
 t - 3 scrolls of teleportation {@r4}
 x - 2 scrolls of vulnerability {!r}
 z - a scroll of fog
 I - 2 scrolls of blinking
Potions
 h - a potion of mutation {unknown}
 i - a potion of cancellation {unknown}
 m - 5 potions of curing {@q1}
 r - 5 potions of might
 s - 5 potions of flight
 w - 2 potions of berserk rage {unknown}
 F - 3 potions of resistance
 K - a potion of attraction {unknown}


   Skills:
 + Level 10.7 Fighting
 * Level 14.5(15.5) Axes
 + Level 9.2(13.0) Maces & Flails
 * Level 8.4 Ranged Weapons
 - Level 2.4 Armour
 - Level 2.6 Dodging
 - Level 4.0 Shields
 + Level 6.0 Evocations


You had 11 spell levels left.
You didn't know any spells.
Your spell library was empty.

Dungeon Overview and Level Annotations

Branches:
Dungeon (10/15)            Temple (0/1) D:4             Orc (2/2) D:10
    Elf (0/3) Orc:2
   Lair: D:8-11

Altars:
Elyvilon
Gozag
Kikubaaqudgha
Nemelex Xobeh
Qazlal
Ru
Sif Muna
Wu Jian
Xom
Zin
The Shining One

Shops:
D:2 :   D:6 [   D:8 [   Orc:2 *

Annotations:
D:5 3 runed translucent doors, vlino's ghost, amateur TrBe


Innate Abilities, Weirdness & Mutations

You have a pair of horns on your head.
You reflexively headbutt those who attack you in melee.


Message History

The orc warrior hits you with a +0 long sword.
The orc warrior hits you with a +0 mace!
The orc warrior hits you but does no damage.
The orc warrior hits you with a +0 dire flail.
The orc knight hits you with a +0 broad axe.
The ogre barely misses you.
The orc knight hits you with a +0 broad axe!
The orc warrior hits you with a +0 mace!
The orc warrior hits you but does no damage.
The orc warrior barely misses you. You furiously retaliate!
You headbutt the orc warrior!
The orc warrior hits you with a +0 dire flail!
The orc warlord hits you with a +3 great mace of protection.
You hit the orc warlord but do no damage.
The orc warlord hits you with a +3 great mace of protection!!
* * * LOW HITPOINT WARNING * * *
The orc warrior hits you with a +0 mace.
* * * LOW HITPOINT WARNING * * *
The ogre hits you with a +0 giant club.
* * * LOW HITPOINT WARNING * * *
The orc warrior barely misses you.
The orc warrior hits you with a +0 long sword.
* * * LOW HITPOINT WARNING * * *
The orc knight barely misses you.
The orc warrior hits you but does no damage.
You bludgeon the orc warlord!!
You headbutt the orc warlord, but do no damage.
The orc warlord hits you with a +3 great mace of protection.
* * * LOW HITPOINT WARNING * * *
The orc warrior barely misses you. The orc warrior misses you.
The orc warrior hits you but does no damage.
The orc warrior misses you.
The orc knight hits you with a +0 broad axe.
* * * LOW HITPOINT WARNING * * *
You closely miss the orc warlord. Your headbutt misses the orc warlord.
The ogre hits you with a +0 giant club!
* * * LOW HITPOINT WARNING * * *
The orc warlord hits you with a +3 great mace of protection!!
* * * LOW HITPOINT WARNING * * *
The orc warrior hits you but does no damage.
The orc warrior hits you with a +0 long sword.
* * * LOW HITPOINT WARNING * * *
The orc warrior hits you but does no damage.
The orc warrior hits you with a +0 mace.
* * * LOW HITPOINT WARNING * * *
The orc knight hits you with a +0 broad axe!
* * * LOW HITPOINT WARNING * * *
You bludgeon the orc knight!! Your headbutt misses the orc knight.
The orc warlord hits you with a +3 great mace of protection!
You die...

##### ########
##.#.######.##...####
#.....#.#...........##
##...................##
##.................#.##
##..ooo........#.#....
##...@O...[...........
#...ooo...............
##........#............
#......#...........#...
#####....#..........###...
###.##......#..##.....#
##.#
##...............#....##
###
#....#..#.#.......#.### #
##.##....#........### ##


You could see an orc warlord (strong), an orc knight (strong), 4 orc warriors
and an ogre.

Vanquished Creatures
  Gastronok (D:8)
  A hydra (D:9)
  3 two-headed ogres
  A centaur warrior (D:9)
  Nergalle (D:10)
  An orc sorcerer (Orc:1)
  A manticore (D:9)
  2 cyclopes
  2 komodo dragons
  2 trolls
  Grinder (D:5)
  A hornet (D:9)
  Sigmund (D:6)
  2 wraiths (D:9)
  A shadow (D:9)
  2 wyverns (D:9)
  6 yaks (D:9)
  A steam dragon (D:6)
  4 vampire mosquitoes
  4 water moccasins
  Duvessa (D:7)
  An acid dragon (D:9)
  10 orc warriors
  A black bear (D:8)
  2 ice beasts (D:6)
  A sky beast (D:7)
  9 ogres
  5 centaurs
  3 kobold brigands
  5 bullfrogs
  2 scorpions
  3 gnoll sergeants
  2 wights (D:9)
  Dowan (D:7)
  2 killer bees (D:9)
  4 howler monkeys
  A lava snake (D:8)
  A jelly (D:5)
  8 orc priests
  Crazy Yiuf (D:4)
  5 hounds
  6 iguanas
  6 orc wizards
  9 gnolls
  9 adders
  A shadow imp (D:6)
  A white imp (D:6)
  2 worms
  A dart slug (D:3)
  36 orcs
  6 bats
  4 endoplasms
  3 giant cockroaches
  8 hobgoblins
  12 kobolds
  5 quokkas
  10 ball pythons
  2 frilled lizards
  7 goblins
  7 rats
241 creatures vanquished.

Vanquished Creatures (collateral kills)
  2 orc warriors (D:10)
  2 ogres (D:10)
  A gnoll sergeant (D:10)
5 creatures vanquished.

Vanquished Creatures (others)
  A fungus (Orc:2)
1 creature vanquished.

Grand Total: 247 creatures vanquished

Notes
Turn   | Place    | Note
-------+----------+-------------------------------------------
     0 | D:1      | Pooter the Minotaur Berserker began the quest for the Orb.
     0 | D:1      | Reached XP level 1. HP: 19/19 MP: 0/0
   209 | D:1      | Reached skill level 4 in Axes
   209 | D:1      | Reached XP level 2. HP: 27/27 MP: 1/1
   746 | D:2      | Found a white marble altar of Elyvilon.
  1042 | D:2      | Found Nociah's Book Shoppe.
  1119 | D:2      | Reached XP level 3. HP: 33/33 MP: 2/2
  1388 | D:3      | Reached ** piety under Trog
  1600 | D:3      | Reached skill level 5 in Axes
  1600 | D:3      | Reached XP level 4. HP: 24/41 MP: 3/3
  1709 | D:3      | Found a sparkling altar of Nemelex Xobeh.
  2511 | D:4      | Reached XP level 5. HP: 37/47 MP: 4/4
  2615 | D:4      | Found a staircase to the Ecumenical Temple.
  2636 | D:4      | Identified the +4 flail of Demonkind {heavy, rPois}
  2644 | D:4      | Reached skill level 5 in Fighting
  2644 | D:4      | Reached skill level 6 in Axes
  2781 | D:4      | Identified the +5 rapier "Biukuis" {speed, Dex+3}
  2858 | D:4      | Found a runed translucent door.
  2859 | D:4      | Noticed Crazy Yiuf
  2868 | D:4      | Killed Crazy Yiuf
  2869 | D:4      | Reached XP level 6. HP: 56/56 MP: 5/5
  2921 | D:4      | Identified the +9 hammer of Nien Olo {drain, rElec rC++
                  | MP+9 Str-5}
  2996 | D:4      | Found an ornate altar of the Wu Jian Council.
  3119 | D:4      | Reached skill level 1 in Maces & Flails
  3139 | D:5      | Entered Level 5 of the Dungeon
  3165 | D:5      | Reached skill level 7 in Axes
  3207 | D:5      | Identified the +1 pair of boots of the Black Skies {*Slow
                  | Int+8 SInv}
  3234 | D:5      | Reached skill level 1 in Shields
  3279 | D:5      | Reached XP level 7. HP: 62/62 MP: 6/6
  3428 | D:5      | Found a runed translucent gate.
  3428 | D:5      | Found a runed translucent gate.
  3428 | D:5      | Found a runed translucent gate.
  3429 | D:5      | Noticed vlino's ghost (amateur TrBe)
  3648 | D:5      | Noticed a two-headed ogre
  3659 | D:5      | Killed a two-headed ogre
  3660 | D:5      | Reached skill level 9 in Axes
  3660 | D:5      | Reached XP level 8. HP: 64/71 MP: 7/7
  4126 | D:6      | Noticed Sigmund
  4129 | D:6      | Killed Sigmund
  4132 | D:6      | Reached skill level 1 in Evocations
  4133 | D:6      | Reached *** piety under Trog
  4139 | D:6      | Reached skill level 10 in Axes
  4139 | D:6      | Reached skill level 5 in Maces & Flails
  4168 | D:6      | Reached XP level 9. HP: 79/80 MP: 8/8
  4536 | D:6      | Found Gulohal's Armour Boutique.
  4542 | D:6      | Noticed Grinder
  4592 | D:5      | Killed Grinder
  4883 | D:6      | Reached skill level 11 in Axes
  5017 | D:6      | Found a sacrificial altar of Ru.
  5329 | D:7      | Reached skill level 1 in Ranged Weapons
  5432 | D:7      | Noticed Duvessa
  5437 | D:7      | Noticed Dowan
  5443 | D:7      | Killed Duvessa
  5446 | D:7      | Killed Dowan
  5675 | D:7      | Found an ancient bone altar of Kikubaaqudgha.
  6198 | D:8      | Found Tickim's Antique Armour Shop.
  6212 | D:8      | Noticed a cyclops
  6322 | D:8      | Found a stormy altar of Qazlal.
  6330 | D:8      | Found a shimmering blue altar of Sif Muna.
  6444 | D:8      | Noticed Gastronok
  6463 | D:8      | Killed Gastronok
  6464 | D:8      | Reached skill level 12 in Axes
  6464 | D:8      | Reached XP level 10. HP: 91/91 MP: 9/9
  6567 | D:8      | Found an opulent altar of Gozag.
  6574 | D:8      | Found a glowing silver altar of Zin.
  6918 | D:8      | Killed a cyclops
  7157 | D:8      | Identified the +1 robe "Gyeryo" {Str+2}
  7448 | D:9      | Reached skill level 5 in Ranged Weapons
  7465 | D:9      | Noticed a seven-headed hydra
  7473 | D:9      | Killed a seven-headed hydra
  7477 | D:9      | Reached skill level 13 in Axes
  7478 | D:9      | Noticed a two-headed ogre
  7487 | D:9      | Killed a two-headed ogre
  7488 | D:9      | Reached XP level 11. HP: 81/99 MP: 10/10
  7558 | D:9      | Noticed a two-headed ogre
  7571 | D:9      | Killed a two-headed ogre
  7572 | D:9      | Reached skill level 5 in Evocations
  7634 | D:9      | Noticed a centaur warrior
  7639 | D:9      | Killed a centaur warrior
  7640 | D:9      | Reached skill level 10 in Fighting
  8133 | D:9      | Reached **** piety under Trog
  8238 | D:9      | Found a shimmering altar of Xom.
  8357 | D:9      | Found a glowing golden altar of the Shining One.
  8532 | D:10     | Entered Level 10 of the Dungeon
  8532 | D:10     | Noticed Nergalle
  8540 | D:10     | Killed Nergalle
  8541 | D:10     | Reached skill level 14 in Axes
  8729 | D:10     | Found a staircase to the Orcish Mines.
  8886 | Orc:1    | Entered Level 1 of the Orcish Mines
  8991 | Orc:1    | You fall into a shaft and drop 1 floor!
  8991 | Orc:2    | Entered Level 2 of the Orcish Mines
  8991 | Orc:2    | Noticed an orc sorcerer
  8991 | Orc:2    | Noticed an orc sorcerer
  8991 | Orc:2    | Found Taedughet's General Store.
  8993 | Orc:2    | Noticed an orc warlord
  8993 | Orc:2    | Noticed an orc high priest
  8994 | Orc:2    | Noticed an orc high priest
  8994 | Orc:2    | Noticed an orc high priest
  8994 | Orc:2    | Noticed an orc knight
  8994 | Orc:2    | Noticed an orc high priest
  8995 | Orc:2    | Noticed an orc high priest
  9000 | Orc:1    | Noticed an orc sorcerer
  9013 | Orc:1    | Killed an orc sorcerer
  9014 | Orc:1    | Reached XP level 12. HP: 98/108 MP: 11/11
  9287 | Orc:1    | HP: 5/162 [orc knight/+0 broad axe (15)]
  9288 | Orc:1    | Mangled by an orc warlord

Illustrated notes

Levels and vault maps discovered:
D:1:      dpeg_arrival_rooms_c, layout_basic
D:2:      layout_basic, basic_altar, serial_shops, shop_statue
D:3:      layout_basic, marbit_many_paths, mrwooster_statue_mirror,
          chequers_jeans
D:4:      layout_rooms, kennysheep_mini, minmay_temple_entry_sparse_star,
          minmay_vboxes, uniq_crazy_yiuf_cottage
D:5:      layout_basic, gammafunk_ghost_necromancy
D:6:      layout_basic, nicolae_ru_path_of_blood, serial_shops,
          nicolae_shop_temple_entry_statues_fountains, uniq_grinder,
          uniq_sigmund
D:7:      layout_cave_pods, mainiacjoe_overflow_cross_hatched, uniq_duvessa
D:8:      layout_cave_pools, pdpol_temple_overflow_zin_treasury_gozag_greed,
          mainiacjoe_overflow_big_doors, serial_shops, shop,
          minmay_misc_feat_rugged, kennysheep_island_fort, uniq_gastronok
D:9:      minmay_the_grid_3x2 [minmay_the_grid_tiny_cups, minmay_the_grid_x,
          minmay_the_grid_expand, minmay_the_grid_small_cups,
          minmay_the_grid_embedded, minmay_the_grid_prize_inner_circle],
          layout_basic, tgw_xom, tso_altar
D:10:     layout_gridville, bloody_makhleb, lair_entry_dummy,
          kennysheep_orc_monster_closet_entryway, serial_shops,
          nicolae_inconvenience_store, grunt_decor_junction, uniq_nergalle
Orc:1:    layout_caves
Orc:2:    grunt_orc_gardens, layout_caves, grunt_orc_garden, grunt_orc_garden,
          grunt_orc_garden, grunt_orc_garden, nicolae_orc_lava_room

Skill      XL: |  1  2  3  4  5  6  7  8  9 10 11 |
---------------+----------------------------------+-----
Axes           | 4 5 6 7 9 10 12 13 14 | 14.5
Fighting       | 4 5 6 7 9 10 | 10.7
Maces & Flails | 2 4 5 7 8 9 |  9.2
Shields        | 1 3 4 |  4.0
Evocations     | 1 4 6 |  6.0
Ranged Weapons | 3 6 8 |  8.4
Armour         | |  2.4
Dodging        | |  2.6

Action                   |  1- 3 |  4- 6 |  7- 9 | 10-12 || total
-------------------------+-------+-------+-------+-------++-------
Melee: Hand axe          |    55 |       |       |       ||    55
       Headbutt          |     8 |    14 |    29 |    20 ||    71
       War axe           |    19 |    86 |    97 |    19 ||   221
       Flail             |       |    28 |    18 |   133 ||   179
       Mace              |       |       |    32 |       ||    32
       Punch             |       |       |       |     4 ||     4
       Spear             |       |       |       |     2 ||     2
 Fire: Arbalest          |       |       |    24 |    39 ||    63
Throw: Stone             |     2 |     2 |       |       ||     4
       Dart              |       |       |     3 |       ||     3
Invok: Berserk           |     1 |     2 |     8 |     7 ||    18
       Trog's Hand       |       |     2 |     8 |     5 ||    15
       Brothers in Arms  |       |       |       |     1 ||     1
Evoke: Wand              |       |       |     4 |     5 ||     9
  Use: Scroll            |     1 |     4 |     9 |     6 ||    20
       Potion            |       |       |       |     2 ||     2
 Stab: Paralysed         |       |       |     4 |     4 ||     8
Armor: Ring mail         |    41 |    57 |    25 |       ||   123
       Animal skin       |     1 |       |       |       ||     1
       Chain mail        |       |       |    73 |   130 ||   203
Dodge: Dodged            |    38 |    50 |    63 |    86 ||   237
Block: Kite shield       |    26 |    50 |    57 |       ||   133

Table legend: (Time is in decaauts)
 A = Elapsed time spent in this place.
 B = Non-inter-level travel time spent in this place.
 C = Inter-level travel time spent in this place.
 D = Time resting spent in this place.
 E = Time spent auto-exploring this place.
 F = Levels seen in this place.
 G = Mean time per level.
                   A        B        C        D        E       F      G
               +--------+--------+--------+--------+--------+-----+--------+
         Total |   9589 |   9401 |    188 |   1677 |   5744 |  12 |  799.1 |
       Dungeon |   9180 |   8992 |    188 |   1583 |   5670 |  10 |  918.0 |
  Orcish Mines |    409 |    409 |      0 |     94 |     74 |   2 |  204.5 |
               +--------+--------+--------+--------+--------+-----+--------+

Top non-repeatable levels by time:
     D:9: 1412 daAuts
     D:5: 1275 daAuts
     D:8: 1238 daAuts
     D:3: 1071 daAuts
     D:7: 924 daAuts
     D:2: 841 daAuts
     D:6: 729 daAuts
     D:4: 715 daAuts
     D:1: 605 daAuts
   Orc:1: 399 daAuts
    D:10: 365 daAuts
   Orc:2: 10 daAuts
